 Dungeon Crawl Stone Soup version 0.27-a0-1186-g8b4daa1eef (webtiles) character file.

Game seed: 3923906888535147557

5 PewDiePie the Skirmisher (level 1, 0/18 HPs)
             Began as a Demonspawn Berserker on May 19, 2021.
             Was a Follower of Trog.
             Slain by a frilled lizard (3 damage)
             ... on level 1 of the Dungeon.
             The game lasted 00:00:20 (388 turns).

PewDiePie the Skirmisher (Demonspawn Berserker)      Turns: 388, Time: 00:00:21

Health: 0/18       AC:  2    Str: 17    XL:     1   Next: 66%
Magic:  1/1        EV: 12    Int:  8    God:    Trog [*.....]
Gold:   17         SH:  0    Dex: 12    Spells: 0/0 levels left

rFire    . . .     SeeInvis .   a - +0 mace
rCold    . . .     Faith    .   (no shield)
rNeg     . . .     Spirit   .   b - +0 animal skin
rPois    .         Reflect  .   (no helmet)
rElec    .         Harm     .   (no cloak)
rCorr    .         Rampage  .   (no gloves)
Will     .....                  (no boots)
Stlth    +.........             (no amulet)
HPRegen  0.06/turn              (no ring)
MPRegen  0.07/turn              (no ring)

@: no status effects
A: no striking features
a: Renounce Religion, Berserk


You were on level 1 of the Dungeon.
You worshipped Trog.
Trog was aware of your devotion.
You visited 1 branch of the dungeon, and saw 1 of its levels.

You collected 17 gold pieces.

Inventory:

Hand Weapons
 a - a +0 mace (weapon)
Armour
 b - a +0 animal skin (worn)


   Skills:
 + Level 3.1 Fighting
 + Level 2.8 Maces & Flails
 + Level 1.8 Armour
 + Level 1.9 Dodging


You couldn't memorise any spells.
You didn't know any spells.
Your spell library was empty.

Dungeon Overview and Level Annotations

Branches:
Dungeon (1/15)

Altars:


Message History

You see here a bat corpse.
You see here a bat corpse.
You see here a bat skeleton.
You open the door.
There is an open door here.
You enter the shallow water.
Moving in this stuff is going to be slow.
Found two escape hatches in the floor.
There is an open door here.
There is an open door, spattered with blood here.
An endoplasm comes into view.
The endoplasm quivers.
A frilled lizard comes into view.
Found a stone staircase leading down.
The endoplasm freezes you.
You are frozen.
The frilled lizard hisses angrily.
The endoplasm closely misses you. The endoplasm freezes you.
You are frozen.
The frilled lizard bites you but does no damage.
The endoplasm freezes you.
You are frozen.
The endoplasm hits you but does no damage.
The endoplasm misses you. The frilled lizard barely misses you.
You hit the endoplasm.
The endoplasm is lightly wounded.
The endoplasm misses you. The frilled lizard closely misses you.
You hit the endoplasm.
The endoplasm is almost dead.
The endoplasm freezes you.
You are frozen.
* * * LOW HITPOINT WARNING * * *
The frilled lizard barely misses you.
You hit the endoplasm.
You kill the endoplasm!
Trog accepts your kill. The frilled lizard closely misses you.
The frilled lizard bites you.
You die...

. #.# ##...# #.#.# #.#
#.... .#.# #.# #...# ..#
#.# #...# ###.# #.# #...#
.##.#####.## #...# #
...........######...####>#
.#.....>..#.....l.........
...#............@.........
.###....#.#...............
## ###'##########...######
###...### #...#
###.......### #...#
#...........## #...#
.....#'#.....## #...#
...###≈###....# #...#
.###.≈≈≈.###.<# ##...


You could see a frilled lizard.

Vanquished Creatures
  2 endoplasms (D:1)
  3 bats (D:1)
5 creatures vanquished.

Notes
Turn   | Place    | Note
-------+----------+-------------------------------------------
     0 | D:1      | PewDiePie the Demonspawn Berserker began the quest for the
                  | Orb.
     0 | D:1      | Reached XP level 1. HP: 18/18 MP: 1/1
   388 | D:1      | Slain by a frilled lizard

Illustrated notes

Levels and vault maps discovered:
D:1:      evilmike_arrival_crescent, layout_loops_cross,
          serial_co_window_serial, co_window_paths_b, co_window_paths_a,
          co_window_paths_b, co_window_corner_a, co_window_paths_b,
          co_window_paths_a, co_window_paths_a, co_window_cross_3,
          co_window_2corner, co_window_broadway_c, co_window_of_opportunity_b,
          glass_columns_b, glass_columns_b, hellmonk_ecumenical_altar_lost_god

Action                   || total
-------------------------++-------
Melee: Mace              ||    13
Armor: Animal skin       ||     8
Dodge: Dodged            ||    23

Table legend: (Time is in decaauts)
 A = Elapsed time spent in this place.
 B = Non-inter-level travel time spent in this place.
 C = Inter-level travel time spent in this place.
 D = Time resting spent in this place.
 E = Time spent auto-exploring this place.
 F = Levels seen in this place.
 G = Mean time per level.
                   A        B        C        D        E       F      G
               +--------+--------+--------+--------+--------+-----+--------+
         Total |    392 |    392 |      0 |      0 |    325 |   1 |  392.0 |
       Dungeon |    392 |    392 |      0 |      0 |    325 |   1 |  392.0 |
               +--------+--------+--------+--------+--------+-----+--------+

Top non-repeatable levels by time:
     D:1: 392 daAuts
